 Dungeon Crawl Stone Soup version 0.30-a0-373-gd37427bb62 (webtiles) character file.

Game seed: 16895768328221113755

18804 qeuew the Champion of Chaos (level 12, -15/141 HPs)
             Began as a Demonspawn Monk on Nov 24, 2022.
             Was the Champion of Makhleb.
             Demolished by an orc knight
             ... wielding a +3 great sword
              (23 damage)
             ... on level 2 of the Orcish Mines.
             The game lasted 00:20:35 (10875 turns).

qeuew the Champion of Chaos (Demonspawn Monk)      Turns: 10875, Time: 00:20:36

Health: -15/141    AC:  8    Str: 22    XL:     12   Next: 30%
Magic:  0/24       EV: 22    Int: 11    God:    Makhleb [******]
Gold:   438        SH:  0    Dex: 16    Spells: 11/11 levels left

rFire   + . .      SeeInvis +    j - +2 battleaxe (vorpal)
rCold   . . .      Faith    .    (shield currently unavailable)
rNeg    . . .      Spirit   +    i - +1 ring mail
rPois   +          Reflect  .    (helmet unavailable)
rElec   .          Harm     .    (no cloak)
rCorr   .          Rampage  .    p - +0 pair of gloves
Will    +....                    (no boots)
Stlth   ..........               e - amulet of guardian spirit
HPRegen 0.43/turn                h - +4 ring of evasion
MPRegen 0.19/turn                v - ring of Ibipussa {Drain rPois rF+ Str+3 Slay+5}

@: berserking (expiring), very quick
A: antennae 3, repulsion field 2, demonic guardian 1, spiny 2, high MP 1,
strong-willed 1, strong 1
a: Renounce Religion, Minor Destruction, Lesser Servant of Makhleb, Major
Destruction, Greater Servant of Makhleb


You were on level 2 of the Orcish Mines.
You worshipped Makhleb.
Makhleb was exalted by your worship.
You visited 2 branches of the dungeon, and saw 14 of its levels.

You collected 1384 gold pieces.
You spent 946 gold pieces at shops.

Inventory:

Hand Weapons
 j - a +2 vorpal battleaxe (weapon)
 w - a +0 war axe of protection
Missiles
 n - 2 throwing nets
Armour
 i - a +1 ring mail (worn)
 p - a +0 pair of gloves (worn)
Jewellery
 e - an amulet of guardian spirit (around neck)
 h - a +4 ring of evasion (left hand)
 v - the ring of Ibipussa (right hand) {Drain rPois rF+ Str+3 Slay+5}
   (You bought it in a shop on level 2 of the Orcish Mines)

   [ring of poison resistance]

   Str:       It affects your strength (+3).
   Slay:      It affects your accuracy & damage with ranged weapons and melee
   (+5).
   rF:        It protects you from fire.
   rPois:     It protects you from poison.
   Drain:     It drains your maximum health when unequipped.
Wands
 m - a wand of digging (4)
 o - a wand of paralysis (10)
 r - a wand of flame (39)
 u - a wand of iceblast (3)
Scrolls
 a - a scroll of identify
 b - 3 scrolls of teleportation
 d - a scroll of amnesia
 f - 3 scrolls of blinking
 l - 2 scrolls of summoning
 s - 2 scrolls of fear
 y - a scroll of enchant weapon
Potions
 c - a potion of ambrosia
 g - a potion of cancellation
 q - a potion of invisibility
 t - a potion of brilliance
 x - 2 potions of curing
 z - a potion of heal wounds


   Skills:
 + Level 8.6 Fighting
 + Level 8.0 Axes
 + Level 7.3 Armour
 + Level 7.9 Dodging
 - Level 1.7 Stealth
 * Level 14.2 Invocations
 + Level 6.4 Evocations


You had 11 spell levels left.
You didn't know any spells.
Your spell library contained the following spells:

 Spells                   Type           Power      Damage    Failure   Level
 Magic Dart               Conj           0%         1d3       47%         1
 Shock                    Conj/Air       0%         1d3       47%         1
 Summon Small Mammal      Summ           0%         N/A       47%         1
 Searing Ray              Conj           0%         2d4       63%         2
 Call Canine Familiar     Summ           0%         N/A       85%         3
 Inner Flame              Hex/Fire       0%         N/A       85%         3
 Summon Guardian Golem    Hex/Summ       0%         N/A       85%         3
 Swiftness                Air            0%         N/A       85%         3
 Airstrike                Air            0%         2d(0-16)  99%         4
 Flame Wave               Conj/Fire      0%         2d4       99%         4
 Fulminant Prism          Conj/Hex       0%         3d5       99%         4
 Sticky Flame             Conj/Fire      0%         2d3       99%         4
 Freezing Cloud           Conj/Ice/Air   0%         6-21      100%        5
 Summon Forest            Summ/Tloc      0%         N/A       100%        5
 Summon Mana Viper        Hex/Summ       0%         N/A       100%        5
 Simulacrum               Ice/Necr       0%         N/A       100%        6
 Summon Cactus Giant      Summ           0%         N/A       100%        6
 Polar Vortex             Ice            0%         N/A       100%        9


Dungeon Overview and Level Annotations

Branches:
Dungeon (12/15)            Temple (0/1) D:6            Lair (0/5) D:9
    Orc (2/2) D:9             Elf (0/3) Orc:2

Altars:
Ashenzari
Fedhas
Gozag
Kikubaaqudgha
Makhleb
Qazlal
Sif Muna
Xom
Yredelemnul

Shops:
D:2 =   D:12 *   Orc:2 **=

Annotations:
D:8 1 runed translucent door, purpskrrrp's ghost, journeyman DEHu


Innate Abilities, Weirdness & Mutations

You have a pair of large antennae on your head. (SInv)
You are surrounded by a moderate repulsion field. (EV +3)
A weak demonic guardian rushes to your aid.
You are mostly covered in sharp spines.
You have an increased reservoir of magic. (+10% MP)
You are strong-willed. (Will+)
Your muscles are strong. (Str +4, Int/Dex -1)


Message History

a +0 dagger; a +0 war axe Unknown command.
You closely miss the orc priest. You closely miss the orc knight.
The orc priest mumbles some strange prayers to Beogh against you.
Beogh smites you!
A demonic guardian appears!
Unknown command.
You slice the orc priest!!
You kill the orc priest!
Makhleb accepts your kill.
You hit the orc knight. You slash the orc high priest!
The orc knight is struck by your spines.
The orc knight hits you with a +3 great sword!!
* * * LOW HITPOINT WARNING * * *
The orc high priest misses you.
You hit the orc high priest.
The orc high priest is moderately wounded.
You slash the orc priest! You closely miss the orc knight.
The orc priest hits you with a +0 flail.
* * * LOW HITPOINT WARNING * * *
The orc knight hits you with a +3 great sword.
* * * LOW HITPOINT WARNING * * *
The orc high priest is struck by your spines.
The orc high priest completely misses you.
Your quasit barely misses the orc knight.
Your quasit claws the orc knight but does no damage.
Your quasit closely misses the orc knight.
You hit the orc high priest.
The orc high priest is heavily wounded.
You hit the orc knight. You slice the orc priest!!
You kill the orc priest!
Makhleb accepts your kill.
You feel better.
Your quasit bites the orc knight.
Your quasit barely misses the orc knight.
Your quasit misses the orc knight.
The orc high priest is struck by your spines.
The orc high priest hits you with a +0 dire flail!
* * * LOW HITPOINT WARNING * * *
The orc knight is struck by your spines.
The orc knight hits you with a +3 great sword!!
You die...

..............
...............# ##..
...............# ##.....
{{
...............##.......
{
...............#........
...............#.#o#.#.#
.................o......
..............)5oo.o....
.............)))@o......
.............))#)#.#.#.#
...............#.....
...............##......
...............#
##.....{
...............# ##...
...............# ##
.#....##.....#######
##......†..........#


You could see 2 orc knights, an orc high priest (strong, ally target), an orc
warrior (strong), 2 orcs and a friendly quasit (summoned).

Vanquished Creatures
  An ogre mage (Orc:2)
  2 two-headed ogres
  3 orc high priests
  Pikel (D:4)
  An orc sorcerer (Orc:2)
  A cyclops (D:11)
  2 trolls
  A hornet (D:8)
  A shadow (D:9)
  A wyvern (D:8)
  3 wraiths
  13 yaks
  3 vampires (D:11)
  A steam dragon (D:9)
  5 vampire mosquitoes
  Menkaure (D:4)
  4 wargs
  An acid dragon (D:11)
  Duvessa (D:6)
  A water moccasin (D:7)
  16 orc warriors
  A sky beast (D:8)
  2 ice beasts (D:7)
  6 ogres
  6 centaurs
  A kobold brigand (D:8)
  A bullfrog (D:6)
  A necrophage (D:5)
  6 scorpions
  16 wights
  Dowan (D:6)
  9 killer bees
  An electric eel (D:10)
  2 howler monkeys
  6 gnoll boudas
  2 hounds
  24 orc priests
  Natasha (thrice) (D:3)
  An iguana (D:6)
  15 orc wizards
  Robin (D:3)
  32 gnolls
  8 adders
  3 white imps
  2 worms (D:2)
  2 dart slugs (D:5)
  76 orcs
  2 endoplasms
  2 giant cockroaches (D:2)
  19 goblins
  9 hobgoblins
  10 jackals
  5 quokkas
  5 ball pythons
  4 bats
  6 frilled lizards
  15 kobolds
  7 rats
375 creatures vanquished.

Vanquished Creatures (collateral kills)
  A boulder beetle (D:12)
  An orc knight (Orc:1)
  An orc sorcerer (Orc:1)
  A gargoyle (D:12)
  An orc warrior (Orc:1)
  An ogre (Orc:1)
  3 centaurs (D:12)
  An electric eel (D:10)
  2 orcs
12 creatures vanquished.

Vanquished Creatures (others)
  An orc (D:4)
1 creature vanquished.

Grand Total: 388 creatures vanquished

Notes
Turn   | Place    | Note
-------+----------+-------------------------------------------
     0 | D:1      | qeuew the Demonspawn Monk began the quest for the Orb.
     0 | D:1      | Reached XP level 1. HP: 18/18 MP: 1/1
    54 | D:1      | Gained mutation: You are surrounded by a mild repulsion
                  | field. (EV +2) [demonic ancestry]
    54 | D:1      | Reached XP level 2. HP: 22/24 MP: 2/2
   214 | D:1      | Found a faded altar of an unknown god.
   252 | D:1      | Prayed at the altar of an unknown god.
   252 | D:1      | Became a worshipper of Makhleb the Destroyer
   252 | D:1      | Reached * piety under Makhleb
   252 | D:1      | Reached ** piety under Makhleb
   757 | D:2      | Reached *** piety under Makhleb
   776 | D:2      | Gained mutation: You are partially covered in sharp spines.
                  | [demonic ancestry]
   776 | D:2      | Reached XP level 3. HP: 28/29 MP: 3/3
   799 | D:2      | Reached skill level 1 in Armour
   799 | D:2      | Reached skill level 1 in Invocations
   928 | D:2      | HP: 1/29 [gnoll/+0 club (4)]
   929 | D:2      | Gained mutation: You are mostly covered in sharp spines.
                  | [demonic ancestry]
   929 | D:2      | Reached XP level 4. HP: 1/35 MP: 3/5
  1271 | D:2      | Found Antian's Jewellery Boutique.
  1554 | D:3      | Reached skill level 2 in Invocations
  1679 | D:3      | Noticed Robin
  1690 | D:3      | Killed Robin
  1809 | D:3      | Noticed Natasha
  1813 | D:3      | Killed Natasha
  1813 | D:3      | Reached **** piety under Makhleb
  1814 | D:3      | Gained mutation: You are surrounded by a moderate repulsion
                  | field. (EV +3) [demonic ancestry]
  1814 | D:3      | Reached XP level 5. HP: 41/42 MP: 5/7
  1884 | D:3      | Found a burning altar of Makhleb.
  1884 | D:3      | Noticed a cacodemon
  1941 | D:3      | Noticed Natasha
  1945 | D:3      | Killed Natasha
  1946 | D:3      | Reached skill level 3 in Invocations
  1964 | D:3      | Noticed Natasha
  2004 | D:3      | Killed Natasha
  2019 | D:3      | Gained mutation: You are frail. (-10% HP) [potion of
                  | mutation]
  2019 | D:3      | Gained mutation: You have a somewhat thin skeletal
                  | structure. (Dex +2, Stealth+) [potion of mutation]
  2020 | D:3      | Lost mutation: You are frail. (-10% HP) [potion of
                  | mutation]
  2020 | D:3      | Lost mutation: You have a somewhat thin skeletal structure.
                  | (Dex +2, Stealth+) [potion of mutation]
  2020 | D:3      | Gained mutation: You are robust. (+10% HP) [potion of
                  | mutation]
  2020 | D:3      | Gained mutation: You are dopey. (Int -2) [potion of
                  | mutation]
  2020 | D:3      | Gained mutation: You have an increased reservoir of magic.
                  | (+10% MP) [potion of mutation]
  2021 | D:3      | Lost mutation: You are robust. (+10% HP) [potion of
                  | mutation]
  2021 | D:3      | Lost mutation: You are dopey. (Int -2) [potion of mutation]
  2021 | D:3      | Gained mutation: Your muscles are strong. (Str +4, Int/Dex
                  | -1) [potion of mutation]
  2021 | D:3      | Gained mutation: You are strong-willed. (Will+) [potion of
                  | mutation]
  2044 | D:4      | Gained mutation: You have a pair of small antennae on your
                  | head. [demonic ancestry]
  2044 | D:4      | Reached XP level 6. HP: 15/48 MP: 9/9
  2045 | D:4      | HP: 2/48 [orc priest/divine providence (13)]
  2072 | D:4      | Reached skill level 4 in Invocations
  2222 | D:4      | Noticed Pikel
  2233 | D:4      | Killed Pikel
  2234 | D:4      | Reached skill level 6 in Invocations
  2234 | D:4      | Gained mutation: A weak demonic guardian rushes to your
                  | aid. [demonic ancestry]
  2234 | D:4      | Reached XP level 7. HP: 41/55 MP: 10/12
  2590 | D:4      | Noticed Menkaure
  2599 | D:4      | Killed Menkaure
  2600 | D:4      | Reached XP level 8. HP: 52/61 MP: 12/14
  2753 | D:5      | Entered Level 5 of the Dungeon
  2854 | D:5      | You fall into a shaft and drop 1 floor!
  2880 | D:6      | Reached skill level 5 in Fighting
  2880 | D:6      | Reached skill level 7 in Invocations
  3126 | D:5      | Reached ***** piety under Makhleb
  3303 | D:5      | Reached skill level 5 in Axes
  3345 | D:5      | Reached skill level 5 in Dodging
  3347 | D:5      | Reached skill level 8 in Invocations
  3600 | D:5      | Found a shimmering altar of Xom.
  4085 | D:6      | Reached skill level 1 in Evocations
  4118 | D:6      | Noticed Duvessa
  4118 | D:6      | Noticed Dowan
  4123 | D:6      | Killed Duvessa
  4124 | D:6      | Gained mutation: You have a pair of antennae on your head.
                  | [demonic ancestry]
  4124 | D:6      | Reached XP level 9. HP: 66/68 MP: 16/16
  4124 | D:6      | Killed Dowan
  4147 | D:6      | Found a staircase to the Ecumenical Temple.
  4278 | D:6      | Noticed an angel
  4286 | D:6      | Found a basalt altar of Yredelemnul.
  4417 | D:6      | Found a blossoming altar of Fedhas.
  4808 | D:7      | Reached skill level 9 in Invocations
  4947 | D:7      | Found a shimmering blue altar of Sif Muna.
  5136 | D:7      | Found a broken altar of Ashenzari.
  5142 | D:7      | Found a stormy altar of Qazlal.
  5145 | D:7      | Found an ancient bone altar of Kikubaaqudgha.
  5420 | D:8      | Reached skill level 5 in Armour
  5420 | D:8      | Reached skill level 10 in Invocations
  5481 | D:8      | Found a runed translucent door.
  5488 | D:8      | Found a shimmering altar of Xom.
  5488 | D:8      | Noticed purpskrrrp's ghost (journeyman DEHu)
  5488 | D:8      | Noticed a +4 scimitar of chaos
  5507 | D:8      | Gained mutation: You have a pair of large antennae on your
                  | head. (SInv) [demonic ancestry]
  5507 | D:8      | Reached XP level 10. HP: 72/77 MP: 19/19
  5555 | D:8      | Noticed a two-headed ogre
  5566 | D:8      | Killed a two-headed ogre
  6031 | D:8      | Reached skill level 11 in Invocations
  6552 | D:9      | Reached ****** piety under Makhleb
  7031 | D:9      | Found a staircase to the Lair.
  7038 | D:9      | Found a staircase to the Orcish Mines.
  7134 | D:10     | Entered Level 10 of the Dungeon
  7180 | D:10     | Reached XP level 11. HP: 78/84 MP: 18/21
  7182 | D:10     | Reached skill level 12 in Invocations
  7921 | D:11     | Reached skill level 5 in Evocations
  8738 | D:12     | Found an opulent altar of Gozag.
  8742 | D:12     | Found Gozag's Platinum Reserve.
  8754 | D:12     | Noticed a boulder beetle
  8766 | D:12     | Killed a boulder beetle
  9178 | D:12     | Reached skill level 13 in Invocations
  9295 | D:12     | Noticed a two-headed ogre
  9301 | D:12     | Killed a two-headed ogre
  9683 | Orc:1    | Entered Level 1 of the Orcish Mines
  9683 | Orc:1    | Noticed an orc knight
  9683 | Orc:1    | Noticed an orc sorcerer
  9688 | Orc:1    | Killed an orc knight
  9689 | Orc:1    | Killed an orc sorcerer
  9877 | Orc:2    | Entered Level 2 of the Orcish Mines
  9880 | Orc:2    | Noticed an orc high priest
  9880 | Orc:2    | Noticed an orc high priest
  9882 | Orc:2    | Noticed a cacodemon
  9882 | Orc:2    | Noticed an ogre mage
  9883 | Orc:2    | Found Pouxka's General Store.
 10111 | Orc:1    | Noticed a soul eater
 10112 | Orc:1    | Killed an orc high priest
 10230 | Orc:1    | Killed an orc high priest
 10231 | Orc:1    | Reached XP level 12. HP: 94/94 MP: 22/24
 10297 | Orc:2    | Found Ewohuef's Jewellery Emporium.
 10304 | Orc:2    | Killed an ogre mage
 10382 | Orc:2    | Bought the ring of Ibipussa {Drain rPois rF+ Str+3 Slay+5}
                  | for 946 gold pieces
 10435 | Orc:2    | Noticed an orc high priest
 10443 | Orc:2    | Killed an orc high priest
 10453 | Orc:2    | Reached skill level 14 in Invocations
 10588 | Orc:2    | Found a staircase to the Elven Halls.
 10716 | Orc:2    | Found Uluogus's Assorted Antiques.
 10865 | Orc:2    | Noticed an orc high priest
 10875 | Orc:2    | Demolished by an orc knight

Illustrated notes

Levels and vault maps discovered:
D:1:      heliophobic_arrival_battle_scene, layout_basic,
          hellmonk_ecumenical_altar_inner_sanctum
D:2:      layout_rooms, serial_shops, nicolae_square_shop,
          chequers_serial_rivers_room_b, kennysheep_generic_room_5
D:3:      layout_rooms, makhleb_altar_promises_db, st_stairs_8, uniq_robin,
          uniq_natasha
D:4:      layout_basic, uniq_pikel, uniq_menkaure
D:5:      layout_basic, general_overflow_altar
D:6:      layout_gridville, lemuel_doored_altar, grunt_temple_overflow_holy_war,
          temple_fountains, uniq_duvessa
D:7:      layout_cave_pools, nicolae_sif_muna_condensation,
          grunt_temple_overflow_cloverleaf
D:8:      layout_basic, ebering_ghost_xom
D:9:      layout_basic, lair_entry_dummy, orc_0_dummy
D:10:     layout_basic
D:11:     layout_loops_cross
D:12:     layout_basic, chequers_jeans, nicolae_two_hexagons,
          nicolae_gozag_zags_fifth_avenue
Orc:1:    layout_caves
Orc:2:    st_orc_pillars, layout_caves, serial_shops, shop,
          guppyfry_orc_lava_fort

Skill      XL: |  1  2  3  4  5  6  7  8  9 10 11 12 |
---------------+-------------------------------------+-----
Axes           | 3 4 5 6 7 8 |  8.0
Dodging        | 3 4 5 6 7 |  7.9
Armour         | 1 2 3 4 5 6 7 |  7.3
Invocations    | 1 2 3 6 8 10 11 13 14 | 14.2
Fighting       | 4 5 6 7 8 |  8.6
Evocations     | 1 3 4 6 |  6.4
Stealth        | |  1.7

Action                   |  1- 3 |  4- 6 |  7- 9 | 10-12 || total
-------------------------+-------+-------+-------+-------++-------
Melee: Hand axe          |    60 |    46 |    65 |       ||   171
       Punch             |     1 |       |     1 |       ||     2
       Battleaxe         |       |       |    34 |   194 ||   228
Invok: Minor Destruction |    31 |    68 |   136 |   116 ||   351
       Major Destruction |       |       |       |     5 ||     5
       Greater Servant o |       |       |       |     3 ||     3
  Use: Scroll            |     4 |     8 |     6 |     6 ||    24
       Potion            |     1 |     5 |     3 |     1 ||    10
 Stab: Distracted        |       |       |       |     1 ||     1
Armor: Robe              |    11 |       |       |       ||    11
       Ring mail         |    14 |    17 |    28 |    56 ||   115
Dodge: Dodged            |    52 |    51 |   174 |   320 ||   597

Table legend: (Time is in decaauts)
 A = Elapsed time spent in this place.
 B = Non-inter-level travel time spent in this place.
 C = Inter-level travel time spent in this place.
 D = Time resting spent in this place.
 E = Time spent auto-exploring this place.
 F = Levels seen in this place.
 G = Mean time per level.
                   A        B        C        D        E       F      G
               +--------+--------+--------+--------+--------+-----+--------+
         Total |  10995 |  10550 |    445 |    433 |   8369 |  14 |  785.4 |
       Dungeon |   9775 |   9346 |    429 |    100 |   7738 |  12 |  814.6 |
  Orcish Mines |   1219 |   1204 |     15 |    333 |    631 |   2 |  609.5 |
               +--------+--------+--------+--------+--------+-----+--------+

Top non-repeatable levels by time:
     D:6: 1063 daAuts
     D:8: 968 daAuts
    D:11: 968 daAuts
     D:9: 897 daAuts
    D:12: 883 daAuts
     D:5: 863 daAuts
     D:2: 785 daAuts
     D:1: 751 daAuts
     D:4: 726 daAuts
    D:10: 707 daAuts
     D:7: 657 daAuts
   Orc:2: 640 daAuts
   Orc:1: 579 daAuts
     D:3: 504 daAuts
